 Dungeon Crawl Stone Soup version 0.26-a0-540-g8a0c9464d7 (webtiles) character file.

Game seed: 5398660578519811908

501 MalarOregon the Charlatan (level 6, 0/52 HPs)
             Began as a Draconian Artificer on Aug 19, 2020.
             Succumbed to a scorpion's poison
             ... on level 3 of the Dungeon.
             The game lasted 00:07:46 (5439 turns).

MalarOregon the Charlatan (Draconian Artificer)     Turns: 5439, Time: 00:07:47

Health: 0/52       AC:  7    Str: 14    XL:     6   Next: 95%
Magic:  6/6        EV: 13    Int: 13    God:
Gold:   165        SH:  0    Dex: 12    Spells: 5/5 levels left

rFire    . . .     SeeInvis .   e - +2 short sword (flame)
rCold    . . .     Faith    .   (no shield)
rNeg     . . .     Spirit   .   (armour unavailable)
rPois    .         Reflect  .   (helmet restricted)
rElec    .         Harm     .   (no cloak)
rCorr    .                      h - +0 pair of gloves
MR       .....                  (no boots)
Stlth    +.........             (no amulet)
HPRegen  0.17/turn              (no ring)
MPRegen  0.10/turn              (no ring)

@: brilliant, lethally poisoned (0 -> -24)
A: unfitting armour, cold-blooded, AC +6
a: no special abilities


You were on level 3 of the Dungeon.
You visited 1 branch of the dungeon, and saw 4 of its levels.

You collected 165 gold pieces.

Inventory:

Hand Weapons
 e - a +2 short sword of flaming (weapon)
   (You took it off a kobold on level 1 of the Dungeon)
Missiles
 u - 7 javelins (quivered)
Armour
 h - a +0 pair of gloves (worn)
   (You found it on level 2 of the Dungeon)
Jewellery
 l - an uncursed amulet of regeneration {unknown}
   (You found it on level 3 of the Dungeon)
 s - an uncursed amulet of reflection {unknown}
   (You found it on level 3 of the Dungeon)
Wands
 c - a wand of enslavement (15)
 d - a wand of random effects (14)
 t - a wand of flame (9)
Scrolls
 a - a scroll of magic mapping {unknown}
 b - 5 scrolls of identify {unknown}
 f - a scroll of enchant weapon {unknown}
 i - 2 scrolls of teleportation {unknown}
 j - 2 scrolls of fear {unknown}
 k - a scroll of immolation {unknown}
 m - a scroll of fog {unknown}
 p - 2 scrolls of remove curse {unknown}
 v - a scroll of enchant armour {unknown}
Potions
 g - 2 potions of stabbing {unknown}
 n - a potion of haste {unknown}
 o - a potion of flight {unknown}
 q - a potion of brilliance
 r - a potion of mutation {unknown}
 w - a potion of cancellation {unknown}


   Skills:
 + Level 4.1 Fighting
 + Level 3.1 Short Blades
   Level 0.0 Polearms
 + Level 3.9 Dodging
 - Level 0.8 Stealth
 + Level 4.7 Evocations


You had 5 spell levels left.
You didn't know any spells.
Your spell library was empty.

Dungeon Overview and Level Annotations

Branches:
Dungeon (4/15)
 Temple: D:4-7

Altars:
Ashenzari
Kikubaaqudgha


Innate Abilities, Weirdness & Mutations

Your plain brown scales are hard. (AC +6)
You cannot fit into any form of body armour.
You are cold-blooded and may be slowed by cold attacks.


Message History

There is an open door here.
You see here a +0 giant spiked club.
The scorpion barely misses you.
You see here a +0 giant spiked club.
You see here a +0 giant spiked club.
The scorpion stings you but does no damage.
You see here a +0 giant spiked club.
You see here a +0 giant spiked club.
You see here a +0 giant spiked club.
You see here a +0 giant spiked club.
You see here a +0 giant spiked club.
You see here a +0 giant spiked club.
You hit the scorpion. You burn the scorpion. The scorpion stings you!
You are poisoned.
The scorpion poisons you!
You hit the scorpion but do no damage.
You feel sick. The scorpion barely misses you.
You barely miss the scorpion.
You tail-slap the scorpion, but do no damage.
You feel sick. The scorpion closely misses you.
You hit the scorpion. You burn the scorpion.
You feel sick. The scorpion stings you.
* * * LOW HITPOINT WARNING * * *
You are more poisoned.
The scorpion poisons you!
Aim: a scorpion (moderately wounded)
The puff of flame hits the scorpion.
You feel sick. The scorpion stings you.
* * * LOW HITPOINT WARNING * * *
Aim: a scorpion (heavily wounded)
The puff of flame misses the scorpion.
You feel sick. The scorpion stings you!
* * * LOW HITPOINT WARNING * * *
Unknown command.
Okay, then.
Aim: a scorpion (heavily wounded)
Okay, then.
Unknown command.
Aim: a scorpion (heavily wounded, chance to defeat MR: 60%)
Okay, then.
There's nothing to close nearby.
Okay, then.
Aim: a scorpion (heavily wounded)
The puff of flame misses the scorpion.
* * * LOW HITPOINT WARNING * * *
You feel sick. The scorpion stings you.
* * * LOW HITPOINT WARNING * * *
You are more poisoned.
The scorpion poisons you!
It was a potion of brilliance.
You feel clever all of a sudden.
You die...

....##.# #)....#.......# #.#
....##.# #.....#.#....#####.#
.##.##.#######+###.#..........#
...............###.#.##...#####
..#..............^........#
#.#<...###########.#.#....#
#..##..##..s.........#..(.#######
#..##..##.##########.#....#......
#..##..........s@....#....#.####.
#...##.##.#########..#....#(# #.
#.#.##.##.####### #.......#.# #.
#.#.............# #.###...#.# #.
#.#..#.##.#####.###.# #...#.# #.
#.#....##.# #...#.###...#.# #.
#.#.#.(##.# ###.#.......#.# #.
#.#.#..##.# #...####..#.# #.
#.#.##>##.# ###.##....#.# #.


You could see a scorpion.

Vanquished Creatures
  2 ogres
  A hound (D:4)
  4 worker ants
  Robin (D:3)
  8 adders
  A gnoll (D:1)
  An ooze (D:2)
  2 worms
  3 dart slugs
  10 orcs
  2 ball pythons (D:3)
  5 bats
  7 giant cockroaches
  8 hobgoblins
  7 jackals
  2 quokkas
  2 frilled lizards
  9 goblins
  8 kobolds
  6 rats
89 creatures vanquished.

Notes
Turn   | Place    | Note
-------+----------+-------------------------------------------
     0 | D:1      | MalarOregon the Draconian Artificer began the quest for the
                  | Orb.
     0 | D:1      | Reached XP level 1. HP: 16/16 MP: 1/1
   239 | D:1      | Reached XP level 2. HP: 11/24 MP: 2/2
  1016 | D:1      | Reached XP level 3. HP: 28/29 MP: 3/3
  1342 | D:2      | Reached skill level 1 in Short Blades
  1681 | D:2      | Found an ancient bone altar of Kikubaaqudgha.
  1699 | D:2      | Reached XP level 4. HP: 18/37 MP: 4/4
  2775 | D:3      | Reached XP level 5. HP: 38/44 MP: 5/5
  2959 | D:3      | Found a shattered altar of Ashenzari.
  3204 | D:3      | Noticed Robin
  3224 | D:3      | Killed Robin
  4164 | D:4      | Reached XP level 6. HP: 51/51 MP: 6/6
  5438 | D:3      | HP: 1/52 [scorpion (6)]
  5439 | D:3      | Succumbed to a scorpion's poison

Illustrated notes

Levels and vault maps discovered:
D:1:      minmay_arrival_four_houses, layout_basic
D:2:      layout_basic, lemuel_round_altar
D:3:      layout_basic, ashenzari_altar_1, kennysheep_potato, uniq_robin
D:4:      layout_loops_ring, fedhas_altar_3

Skill      XL: |  1  2  3  4  5  6 |
---------------+-------------------+-----
Fighting       | 2 3 4 |  4.1
Short Blades   | 1 2 3 |  3.1
Dodging        | 3 |  3.9
Evocations     | 4 |  4.7
Stealth        | |  0.8

Action                   |  1- 3 |  4- 6 || total
-------------------------+-------+-------++-------
Melee: Club              |    36 |       ||    36
       Tailslap          |    11 |    26 ||    37
       Short sword       |    64 |   239 ||   303
       Spear             |     5 |       ||     5
Evoke: Wand              |     3 |     4 ||     7
  Use: Potion            |       |     1 ||     1
 Stab: Sleeping          |     1 |       ||     1
Armor: Skin              |    39 |    52 ||    91
Dodge: Dodged            |    89 |   139 ||   228

Table legend: (Time is in decaauts)
 A = Elapsed time spent in this place.
 B = Non-inter-level travel time spent in this place.
 C = Inter-level travel time spent in this place.
 D = Time resting spent in this place.
 E = Time spent auto-exploring this place.
 F = Levels seen in this place.
 G = Mean time per level.
                   A        B        C        D        E       F      G
               +--------+--------+--------+--------+--------+-----+--------+
         Total |   5453 |   5269 |    184 |   1576 |   2561 |   4 | 1363.2 |
       Dungeon |   5453 |   5269 |    184 |   1576 |   2561 |   4 | 1363.2 |
               +--------+--------+--------+--------+--------+-----+--------+

Top non-repeatable levels by time:
     D:3: 1679 daAuts
     D:2: 1341 daAuts
     D:1: 1263 daAuts
     D:4: 1169 daAuts
